← All builds
Front / Cortex / Economy first / OBSERVED BUILD

Standard front

Cortex Front build order · Supreme Isthmus

Standard economy-first Front play: Bot Lab immediately, Advanced Metal Extractor around 9:23, then a mixed Thug/Grunt/Aggravator army sent up to defend the wider gap and move to middle as a line.

#eco #team support · 450 distinct matches · 138 players · 65% of Cortex Front games · team won 51% of 467 · Recently observed

HOW TO PLAY IT

Key timing: Bot Lab by 0:40

  1. Open 2 mex into early Bot Lab.
  2. Finish Bot Lab and start Thug, Grunt, Aggravator mix.
  3. Send first units to coast to stop leaks, not straight to mid.
  4. Transition into Advanced Metal Extractor as eco scales.
  5. Move units up as a line toward middle to hold the wider gap.

Phase by phase

TYPICAL OF ITS 450 GAMES
  1. 1
  2. 2
  3. 3
PLAY THE OPENING

Follow the example game's first 6:00 step by step: what to build now, what comes next, and where it goes. At 1× it keeps pace with your own game.

  1. 1

    Up to the Bot Lab

    Economy
    • Metal Extractor2Mex
    Order
    1. Bot LabBot Lab after 2 mexdone ~0:40, middle half 0:34–0:46

    Some games also: wind (41%)

    By 0:23 in all: 2 mex

    The example game in this phase · 2 steps
    1. Mex ×3
    2. Bot LabBot Labdone 0:46 · typical 0:40
  2. 2

    Bot Lab to 5:00

    Economy
    • Metal Extractor4Mex
    • Wind Turbine4Wind
    Builders
    • Construction Bot3 Con bot
    • Graverobber2 Graverobber
    Army
    • Guard2 Guard
    • Thug9 Thug
    • Aggravator5 Aggravator
    • Grunt4 Grunt

    Some games also: con turret (45%) · Radar Tower (34%)

    By 5:00 in all: 6 mex · 5 wind

    The example game in this phase · 35 steps
    1. Wind
    2. GruntGrunt ×5
    3. GraverobberGraverobber
    4. Construction BotCon bot
    5. Wind ×3
    6. GruntGrunt ×5
    7. GraverobberGraverobber
    8. Con turret
    9. ThugThug ×2
    10. AggravatorAggravator ×5
    11. ThugThug ×2
    12. AggravatorAggravator
    13. Wind
    14. Mex
    15. AggravatorAggravator
    16. Wind
    17. AggravatorAggravator ×2
    18. Mex
    19. AggravatorAggravator
    20. Wind
    21. ThugThug
    22. Wind
    23. ThugThug
    24. Wind
    25. Mex
    26. ThugThug
    27. Wind
    28. ThugThug
    29. Wind
    30. Mex
    31. ThugThug
    32. GruntGrunt
    33. GuardGuard
    34. GruntGrunt
    35. Wind
  3. 3

    5:00 to 10:00

    Economy
    • Metal Extractor1Mex
    • Wind Turbine17Wind
    Builders
    • Construction Turret2 Con turret
    • Graverobber2 Graverobber
    • Construction Bot1 Con bot
    Army
    • Guard1 Guard
    • Grunt8 Grunt
    • Thug4 Thug
    • Aggravator1 Aggravator

    Some games also: Radar Tower (43%) · energy storage (36%) · converter (36%) · Twin Guard (33%) · eat Bot Lab (37%)

    By 10:00 in all: 7 mex · 24 wind · 3 con turret

    The example game in this phase · 110 steps
    1. GruntGrunt ×2
    2. GuardGuard
    3. GruntGrunt ×3
    4. Wind
    5. GruntGrunt ×5
    6. Wind
    7. GruntGrunt ×2
    8. Mex
    9. GruntGrunt
    10. ThugThugfor Suicide front
    11. Radar TowerRadar Tower
    12. Wind
    13. ThugThug
    14. GuardGuard
    15. Wind
    16. ThugThugfor Suicide front
    17. GuardGuard
    18. Wind
    19. ThugThugfor Suicide front
    20. GuardGuard
    21. Wind
    22. ThugThugfor Suicide front
    23. Wind
    24. ThugThugfor Suicide front
    25. Wind
    26. ThugThug ×3
    27. Wind
    28. Construction BotCon bot ×2
    29. Radar TowerRadar Tower
    30. Wind
    31. Con turret
    32. ThugThug
    33. ThistleThistle
    34. Converter
    35. ThugThug
    36. Wind
    37. Con turret ×2
    38. ThugThug
    39. Wind
    40. ThugThug
    41. Wind
    42. ThugThug
    43. Wind
    44. ThistleThistle
    45. ThugThug
    46. Wind
    47. ThugThug
    48. Wind ×2
    49. GruntGrunt ×8
    50. Wind
    51. GruntGrunt
    52. Wind
    53. GruntGrunt ×8
    54. Wind
    55. GruntGrunt
    56. Wind ×2
    57. GruntGrunt
    58. Advanced Metal ExtractorT2 mexdone 9:28 · typical 9:23
    59. Wind
    60. GruntGrunt ×2
    61. Con turret
    62. GruntGrunt
    63. Wind ×2
    64. GruntGrunt
    65. GuardGuard
    66. Wind
    67. Advanced Metal ExtractorT2 mex
    68. GruntGrunt
    69. Wind
    70. GruntGrunt
    71. Wind
    72. GruntGrunt
    73. Wind
    74. GruntGrunt ×3
    75. Mex
    76. GruntGrunt
    77. Advanced Metal ExtractorT2 mex
    78. GruntGrunt
    79. Radar TowerRadar Tower
    80. Wind
    81. GruntGrunt
    82. Wind
    83. GruntGrunt ×5
    84. Mex
    85. GruntGrunt ×2
    86. Wind
    87. GruntGrunt ×2
    88. Wind
    89. GruntGrunt
    90. Wind
    91. Mex
    92. GruntGrunt
    93. Advanced Metal ExtractorT2 mex
    94. Wind
    95. GruntGrunt
    96. Wind
    97. GruntGrunt
    98. Wind
    99. GruntGrunt
    100. Wind ×2
    101. GruntGrunt
    102. Mex
    103. Wind
    104. GruntGrunt ×3
    105. Radar TowerRadar Tower
    106. GruntGrunt ×6
    107. Wind
    108. GruntGrunt ×2
    109. Wind
    110. GruntGrunt

Counts are medians over the build's games: half of them build more, half fewer. The example game is omga's (30 OS, 15/09/2026); pick another.

Team trades

IN AT LEAST 30% OF ITS GAMES

You hand over

Nothing regular.

You get

  • Tidal Generator4 Tidal from Pondfirst at 0:17 · in 65% of games
  • Advanced Construction Bot1 T2 con bot from Geo or Techfirst at 7:46 · in 62% of games

How it plays out

Typical game of this build, running totals by minute

Metal produced

010k20k30k
0:005:0010:0015:00

metal

Enemy metal destroyed

02.5k5k7.5k
0:005:0010:0015:00

metal

Own metal lost

05k10k
0:005:0010:0015:00

metal

467 games.

Show as table
ByMetal produced: This buildEnemy metal destroyed: This buildOwn metal lost: This build
1:0033100
2:0085600
3:00162810286
4:002710390344
5:003850920840
6:00510815871557
7:00638923652476
8:00773231243394
9:00915338324309
10:001080045375079
11:001265852035989
12:001454156816934
13:001681562017643
14:001900866498561
15:002063772469322
WHAT THE NUMBERS SAY

Standard front play wins less than half its games, with losses slightly outpacing kills through the first 15 minutes.

  • + Kills reach 7200 by 15:00 despite the safer starting position.
  • + T2 constructor reached in 85% of games, solid tech follow-through.
  • − Team wins under half of games (45%), the weakest shown here.
  • − Own metal lost (9484) exceeds enemy metal destroyed (7200) by 15:00.
THE EXAMPLE YOU ARE READING

omga

30.5 OS · 15/09/2026

Open source match ↗

5 received units · includes a constructor
19 metal received · 4727 energy received

Allied construction assistance is unknown. Timings are observations, not a promise of solo reproducibility.

Typical milestones

Bot Lab0:40Middle 50%: 0:34–0:46 · n=454
Advanced Metal Extractor9:23Middle 50%: 8:19–10:45 · n=343

Played most by

iLike2Eco31games of this buildTheGeneraI27games of this buildSauceDispenser27games of this buildwatermeloans19games of this buildEl_Turco15games of this build